 Dungeon Crawl Stone Soup version 0.29-a0-341-g24ffce5b50 (webtiles) character file.

Game seed: 16657605666366554286

86 siradein the Changer (level 4, -3/28 HPs)
             Began as an Octopode Transmuter on Apr 20, 2022.
             Slain by an orc priest
             ... wielding a +0 trident
              (5 damage)
             ... on level 3 of the Dungeon.
             The game lasted 00:03:20 (2616 turns).

siradein the Changer (Octopode Transmuter)          Turns: 2616, Time: 00:03:21

Health: -3/28      AC:  2    Str:  9    XL:     4   Next: 49%
Magic:  0/16       EV: 19    Int: 17    God:
Gold:   72         SH:  0    Dex: 17    Spells: 3/7 levels left

rFire   . . .      SeeInvis .     - Unarmed
rCold   . . .      Faith    .   (shield currently unavailable)
rNeg    + . .      Spirit   +   (helmet currently unavailable)
rPois   x          Reflect  .   n - amulet of guardian spirit
rElec   .          Harm     .   e - ring of positive energy
rCorr   .          Rampage  .   g - ring of magical power
Will    .....                   (no ring)
Stlth   ++........              (no ring)
HPRegen 0.09/turn               (no ring)
MPRegen 0.15/turn               (no ring)
                                (no ring)
                                (no ring)

@: spider-form (expiring)
A: venomous fangs, almost no armour, (amphibious), 8 rings, tiny, (camouflage
1), (gelatinous body 1), (nimble swimmer 1), (tentacles)
a: End Transformation


You were on level 3 of the Dungeon.
You were a venomous arachnid creature.
You visited 1 branch of the dungeon, and saw 3 of its levels.

You collected 72 gold pieces.

Inventory:

Hand Weapons
 c - a +3 dagger (melded)
Jewellery
 e - a ring of positive energy (left front leg)
 g - a ring of magical power (right front leg)
 n - an amulet of guardian spirit (around neck)
Scrolls
 d - a scroll of fog {unknown}
 j - a scroll of magic mapping {unknown}
 l - a scroll of blinking {unknown}
 m - a scroll of enchant armour {unknown}
Potions
 a - a potion of lignification
 b - a potion of cancellation {unknown}
 f - 4 potions of curing {unknown}
 h - 2 potions of might {unknown}
 i - a potion of brilliance {unknown}
 k - a potion of invisibility {unknown}


   Skills:
 - Level 1.0 Fighting
 - Level 2.0 Dodging
 - Level 3.0 Unarmed Combat
 - Level 2.0 Spellcasting
 + Level 4.0 Transmutations
 + Level 2.2 Poison Magic


You had 3 spell levels left.
You knew the following spells:

 Your Spells              Type           Power      Damage    Failure   Level
a - Beastly Appendage     Tmut           30%        N/A       12%         1
b - Spider Form           Tmut/Pois      12%        N/A       34%         3

Your spell library contained the following spells:

 Spells                   Type           Power      Damage    Failure   Level
 Wereblood                Tmut           15%        N/A       16%         2
 Ice Form                 Ice/Tmut       8%         N/A       82%         4


Dungeon Overview and Level Annotations

Branches:
Dungeon (3/15)

Altars:

Shops:
D:2 (

Annotations:
D:3 1 runed translucent door, Antichthon's ghost, amateur NaWr


Innate Abilities, Weirdness & Mutations

You are a venomous arachnid creature.
You have poisonous fangs.
You are tiny and dextrous.
Your spellcasting is less reliable in this form.
Your armour is entirely melded.
You are incapable of wielding weapons or throwing items.
You cannot wear most types of armour.
((You are amphibious.))
You can wear up to eight rings at the same time.
((Your skin changes colour to match your surroundings (Stealth+).))
((Your rubbery body absorbs attacks. (AC +1, EV +1)))
((You are camouflaged when in or above water. (Stealth+)))
((You have tentacles for arms and can constrict up to eight enemies at once.))


Message History

You closely miss the adder.
The adder is almost dead.
You kill the adder!
Your Transmutations skill increases to level 4!
The orc barely misses you.
You barely miss the orc.
Your transformation is almost over.
The orc hits you with a +0 dagger.
You hit the orc.
The orc is poisoned.
The orc is heavily wounded.
The orc completely misses you.
You hit the orc.
You kill the orc!
The orc wizard gestures at you while chanting.
The magic dart hits you!
* * * LOW HITPOINT WARNING * * *
The orc wizard hits you with a +0 dagger.
* * * LOW HITPOINT WARNING * * *
You see here a +0 dagger.
You hit the orc wizard.
The orc wizard is poisoned.
The orc wizard is lightly wounded.
The orc wizard casts a spell at you. You resist with some effort.
You barely miss the orc wizard.
The orc wizard is lightly wounded.
The orc priest completely misses you. The orc wizard misses you.
You barely miss the orc wizard.
The orc wizard is lightly wounded.
The orc priest completely misses you. The orc wizard barely misses you.
You barely miss the orc wizard.
The orc wizard is moderately wounded.
The orc priest hits you from afar with a +0 trident.
* * * LOW HITPOINT WARNING * * *
The orc wizard hits you with a +0 dagger.
* * * LOW HITPOINT WARNING * * *
You hit the orc wizard.
The orc wizard looks as sick as possible!
The orc wizard is heavily wounded.
The orc priest hits you from afar with a +0 trident!
You die...

####### #.....# #.....#
#### #.....# ... #†....###
#.##.#############........
+.......†o.oo..oo.........
#...........####o#........
.# #...........#
#s##....... .#
............# #.# .......
.# ............# #.#
....... .#. .oo.........#
#.# ####### .#.
....##..#####
#.#############... ....
##.# #..[..............
#!###########...## #.#
##...##⌠ #.# #...##W.


You could see an orc priest, an orc wizard (extremely poisoned) and an orc.

Vanquished Creatures
  2 adders
  3 worms (D:2)
  3 dart slugs
  An orc (D:3)
  6 endoplasms
  3 goblins
  5 hobgoblins
  5 jackals
  3 kobolds (D:1)
  4 quokkas
  2 ball pythons
  5 bats
  4 frilled lizards
  3 rats
49 creatures vanquished.

Notes
Turn   | Place    | Note
-------+----------+-------------------------------------------
     0 | D:1      | siradein the Octopode Transmuter began the quest for the
                  | Orb.
     0 | D:1      | Reached XP level 1. HP: 13/13 MP: 3/3
     8 | D:1      | Found a faded altar of an unknown god.
   177 | D:1      | Reached XP level 2. HP: 18/18 MP: 3/5
   363 | D:1      | Reached skill level 3 in Transmutations
   701 | D:1      | Reached XP level 3. HP: 22/23 MP: 6/6
   705 | D:1      | Learned a level 3 spell: Spider Form
  1422 | D:2      | Reached skill level 1 in Poison Magic
  1780 | D:2      | Found Foagg's Weapon Emporium.
  1948 | D:2      | Reached XP level 4. HP: 23/28 MP: 7/7
  2508 | D:3      | Found a runed translucent door.
  2527 | D:3      | Noticed Antichthon's ghost (amateur NaWr)
  2607 | D:3      | Reached skill level 4 in Transmutations
  2615 | D:3      | HP: 1/28 [orc wizard/+0 dagger (2)]
  2616 | D:3      | Slain by an orc priest

Illustrated notes

Levels and vault maps discovered:
D:1:      ncdulo_watergridlock, layout_loops_ring, basic_ecumenical_altar,
          minmay_misc_feat_chi, wad_woods_river_04
D:2:      layout_basic, serial_aquarium, aquarium_bridge_long_separate
          [aquarium_subvault_bridge, aquarium_subvault_bridge,
          aquarium_subvault_bridge, aquarium_subvault_wall,
          aquarium_subvault_wall, aquarium_subvault_bridge],
          aquarium_bridge_island_large [aquarium_subvault_large_water,
          aquarium_subvault_wall, aquarium_subvault_bridge,
          aquarium_subvault_window, aquarium_subvault_window],
          aquarium_window_fake, aquarium_window_1, aquarium_window_corner,
          aquarium_view_2b, aquarium_view_2d, aquarium_pool_four, serial_shops,
          nicolae_shop_hallway_plus, nicolae_wormholes
D:3:      layout_basic, marbit_many_paths, yredelemnul_altar_generic,
          gup_sewer_entry_pipe, hellmonk_ghost_happy_afterlife,
          kennysheep_another_room

Skill      XL: |  1  2  3  4 |
---------------+-------------+-----
Transmutations | 3 4 |  4.0
Poison Magic   | 1 2 |  2.2
Fighting       | |  1.0
Dodging        | |  2.0
Unarmed Combat | |  3.0
Spellcasting   | |  2.0

Action                   |  1- 3 |  4- 6 || total
-------------------------+-------+-------++-------
Melee: Dagger            |    63 |    17 ||    80
       Constrict         |    21 |     1 ||    22
       Unarmed           |     3 |    12 ||    15
       Kick              |    21 |     6 ||    27
       Tentacles         |    17 |     2 ||    19
       Punch             |     2 |       ||     2
 Cast: Beastly Appendage |    22 |     9 ||    31
       Spider Form       |       |     1 ||     1
 Stab: Sleeping          |     3 |     3 ||     6
Armor: Skin              |     4 |     3 ||     7
Dodge: Dodged            |    31 |    28 ||    59

Table legend: (Time is in decaauts)
 A = Elapsed time spent in this place.
 B = Non-inter-level travel time spent in this place.
 C = Inter-level travel time spent in this place.
 D = Time resting spent in this place.
 E = Time spent auto-exploring this place.
 F = Levels seen in this place.
 G = Mean time per level.
                   A        B        C        D        E       F      G
               +--------+--------+--------+--------+--------+-----+--------+
         Total |   2614 |   2555 |     59 |    262 |   1890 |   3 |  871.3 |
       Dungeon |   2614 |   2555 |     59 |    262 |   1890 |   3 |  871.3 |
               +--------+--------+--------+--------+--------+-----+--------+

Top non-repeatable levels by time:
     D:1: 1501 daAuts
     D:2: 993 daAuts
     D:3: 119 daAuts
